 Adventure DCSS version bcrawl-1.27.3 (webtiles) character file.

Game seed: 13278117906181472496

100160 galech the Skirmisher (level 3, 29/29 HPs)
             Began as a Demonspawn Fighter on July 31, 2020.
             Quit the game on level 2 of the Dungeon.
             The game lasted 00:00:41 (1171 turns).

galech the Skirmisher (Demonspawn Fighter)          Turns: 1171, Time: 00:00:41

Health: 29/29      AC:  6    Str: 16    XL:     3   Next: 1%
Magic:  3/3        EV:  4    Int:  9    God:
Gold:   127        SH:  8    Dex: 13    Spells: 2/2 levels left
                                        Lives:  2   Deaths: 0

rFire    . . .     SeeInvis .   a - +0 war axe
rCold    . . .     Gourm    .   c - +0 medium shield
rNeg     . . .     Faith    .   b - +0 scale mail
rPois    .         Spirit   .   (no helmet)
rElec    .         Reflect  .   (no cloak)
rCorr    .         Harm     .   (no gloves)
MR       .....                  (no boots)
Stlth    ..........             (no amulet)
HPRegen  0.09/turn              (no ring)
MPRegen  0.08/turn              (no ring)

@: no status effects
A: demonic guardian 1, sanguine armour 1
a: no special abilities


You were on level 2 of the Dungeon.
You were hungry.

You visited 1 branch of the dungeon, and saw 2 of its levels.

You collected 127 gold pieces.

Inventory:

Hand Weapons
 a - a +0 war axe (weapon)
Armour
 b - a +0 scale mail (worn)
 c - a +0 medium shield (worn)
Jewellery
 l - a cursed ring of attention {unknown}
 m - an uncursed ring of stealth {unknown}
 o - an uncursed ring of protection from cold {unknown}
Scrolls
 g - 4 scrolls of remove curse {unknown}
 h - a scroll of blinking {unknown}
 i - a scroll of identify
 j - a scroll of amnesia {unknown}
 k - a scroll of fear {unknown}
Potions
 d - 2 potions of might
 f - a potion of magic {unknown}
 n - a potion of heal wounds {unknown}
 p - 2 potions of invisibility {unknown}
Comestibles
 e - 6 rations {!d}


   Skills:
 + Level 3.2 Fighting
 + Level 2.4 Axes
 + Level 2.9 Armour
 + Level 2.9 Shields


You had 2 spell levels left.
You didn't know any spells.
Your spell library was empty.

Dungeon Overview and Level Annotations

Branches:
Dungeon (2/12)

Altars:
Makhleb
Ru


Innate Abilities, Weirdness & Mutations

A weak demonic guardian rushes to your aid.
When seriously injured, your bleeding wounds create armour. (AC +0)


Message History

A goblin comes into view.
The goblin hits you but does no damage.
Your shield and scale mail prevent you from hitting the goblin.
You block the goblin's attack. x2
You closely miss the goblin. The goblin barely misses you.
You slash the goblin!
You kill the goblin!
A goblin comes into view.
It is wielding a +0 club. 2 goblins and a hobgoblin come into view.
The goblin shouts! x2; The hobgoblin shouts!
The goblin barely misses you.
You slash the goblin!
You kill the goblin!
You have reached level 3!
Your experience leads to an increase in your attributes!
Increase (S)trength, (I)ntelligence, or (D)exterity?
You feel agile.
Your demonic ancestry asserts itself...
You feel the presence of a demonic guardian.
You block the goblin's attack.
Are you sure you want to abandon this character and quit the game? (Confirm with "yes".)

#.....#.#
#.# #.#.
#.....#.#
#.####.#'
#.....#.#
#........
#.....#.#
#####....
+....##.#.#
#.... ####.
#.#.# #....
#.##.#.#
#....
#.)..#
#....
###@.#
####.
8.8.8g8g.#
#.
.....ggg.#
#<
.........#
#.
....g....#
#.
.........#
#.
.....[...#
####+
8.8.8.8.##
#.... #....


You could see a hobgoblin and 5 goblins.

Vanquished Creatures
  An adder (D:2)
  A dart slug (D:1)
  A leopard gecko (D:1)
  A giant cockroach (D:1)
  3 goblins
  3 hobgoblins (D:1)
  2 bats (D:1)
  A frilled lizard (D:1)
  3 kobolds (D:1)
  A rat (D:1)
17 creatures vanquished.

Notes
Turn   | Place    | Note
-------+----------+-------------------------------------------
     0 | D:1      | galech the Demonspawn Fighter began the quest for the Orb.
     0 | D:1      | Reached XP level 1. HP: 18/18 MP: 1/1
   256 | D:1      | Gained mutation: When seriously injured, your bleeding
                  | wounds create armour. (AC +0) [demonic ancestry]
   256 | D:1      | Reached XP level 2. HP: 23/24 MP: 2/2
  1038 | D:2      | Found a sacrificial altar of Ru.
  1040 | D:2      | Found a burning altar of Makhleb.
  1170 | D:2      | Gained mutation: A weak demonic guardian rushes to your
                  | aid. [demonic ancestry]
  1170 | D:2      | Reached XP level 3. HP: 29/29 MP: 3/3
  1171 | D:2      | Quit the game

Skill      XL: |  1 |
---------------+----+-----
Axes           | 2 |  2.4
Fighting       | |  3.2
Armour         | |  2.9
Shields        | |  2.9

Action                   || total
-------------------------++-------
Melee: War axe           ||    43
  Eat: Chunk             ||     1
Armor: Scale mail        ||    13
Dodge: Dodged            ||     9
Block: Medium shield     ||    26
